cohdb
Replays
Latest Replays
All Replays
Popular Replays
Top Player Replays
Match Explorer
How It Works
Community
CoH3 Stats
Reddit
Sign in to upload your games and track your stats! →
Sign in with Steam
Match 39448227
Unlisted
Match 39448227
Overview
Messages
Build Orders
End
Kettenkrad Recon Vehicle
Construct Infanterie Kompanie
Selects Terror Battlegroup
Selects Machine Gun Camouflage
Grenadier Squad
MG 42 Machine Gun Team
Grenadier Squad
MG 42 Machine Gun Team
Infanterie Officer Quarters
Construct Panzergrenadier Kompanie
Medical Bunker
Pak 40 Anti-tank Gun Team
Selects Defend the Fatherland
Support Elements
Nebelwerfer 42 Rocket Launcher Team
251 Medium Carrier
StuG III G Assault Gun
Panzergrenadier Officer Quarters
Construct Panzer Kompanie
Stoßtruppen Squad
Defend the Fatherland
Selects King Tiger Heavy Tank
AudoBell
xTheMuffinMan
PayPerPaper
ši£ėñ±4²5
0
0
Comments
sign in to comment!
No comments posted yet!